 Dungeon Crawl Stone Soup version 0.32-a0-859-gb0a091d (webtiles) character file.

Game seed: 6317883411258846287

90 skewfiend the Shooter (level 4, -2/28 HPs)
             Began as a Gargoyle Hunter on Mar 27, 2024.
             Was a Believer of Zin.
             Slain by a gnoll
             ... wielding a +0 halberd
             ... led by a gnoll bouda
              (8 damage)
             ... on level 4 of the Dungeon.
             The game lasted 00:04:32 (1526 turns).

skewfiend the Shooter (Gargoyle Hunter)             Turns: 1526, Time: 00:04:32

Health: -2/28      AC: 11    Str: 14    XL:     4   Next: 56%
Magic:  4/4        EV:  6    Int: 10    God:    Zin [**....]
Gold:   118        SH:  0    Dex: 15    Spells: 3/3 levels left

rFire   x . .        a - +0 shortbow
rCold   . . .        (shield currently unavailable)
rNeg    + . .        p - +0 chain mail
rPois   ∞            (no helmet)
rElec   +            f - scarf {+Inv}
rCorr   .            (no gloves)
SInv    .            (no boots)
Will    .....        (no amulet) Stlth
                     (no ring)
HPRegen 0.24/turn    (no ring)
MPRegen 0.09/turn

%: no passive effects
@: no status effects
A: sickness immunity, AC +3, negative energy resistance 1, electricity
resistance, torment resistance 1, petrification resistance, heat vulnerability 1
a: Renounce Religion, Evoke Invisibility, Recite, Vitalisation, Donate Gold


You were on level 4 of the Dungeon.
You worshipped Zin.
Zin was pleased with you.
You visited 1 branch of the dungeon, and saw 4 of its levels.

You collected 131 gold pieces.
You donated 13 gold pieces to Zin.

Inventory:

Hand Weapons
 a - a +0 shortbow (weapon)
 o - a +0 mace of venom
Missiles
 j - 10 poisoned darts
Armour
 c - a +0 leather armour
 f - a scarf of invisibility (worn)
 p - a +0 chain mail (worn)
Scrolls
 b - a scroll of butterflies
 g - a scroll of immolation
 h - a scroll of poison
 i - 2 scrolls of revelation
 n - a scroll of vulnerability
 q - a scroll of silence
Potions
 d - a potion of curing
 l - a potion of attraction
 m - 2 potions of mutation


   Skills:
 + Level 3.4 Fighting
 * Level 5.3 Ranged Weapons
 - Level 1.5 Dodging
 - Level 1.1 Stealth


You had 3 spell levels left.
You didn't know any spells.
Your spell library contained the following spells:

 Spells                   Type           Power      Damage    Failure   Level
 Blink                    Tloc           0%         N/A       100%        2
 Lesser Beckoning         Tloc           0%         N/A       100%        2
 Momentum Strike          Conj/Tloc      0%         3d8       100%        2
 Ignite Poison            Fire/Alch      0%         N/A       100%        4
 Sticky Flame             Fire/Alch      0%         2d4       100%        4
 Ignition                 Fire           0%         3d3       100%        8


Dungeon Overview and Level Annotations

Branches:
Dungeon (4/15)
 Temple: D:4-7

Altars:
Zin


Innate Abilities, Weirdness & Mutations

You are immune to sickness and miasma.
Your stone body is resilient. (AC +3)
You are immune to poison.
You resist negative energy. (rN+)
You are resistant to electric shocks. (rElec)
You are resistant to unholy torment.
You are immune to petrification.
You are vulnerable to heat. (rF-)


Message History

Aim: an adder (moderately wounded, 44% to hit)
You shoot an arrow. The arrow hits the adder.
The adder is severely wounded.
The adder bites you but does no damage. x2
Fire: a) +0 shortbow
Press: ? - help, Q - select action, (/) - cycle Shift-Dir - straight line, f/p - adder
Aim: an adder (severely wounded, 44% to hit)
You shoot an arrow. The arrow closely misses the adder.
The arrow hits the hound but does no damage.
Your surroundings suddenly seem different.
The gnoll shouts! x2
Fire: a) +0 shortbow
Press: ? - help, Q - select action, (/) - cycle Shift-Dir - straight line, f - gnoll
Aim: a gnoll, wielding a +0 halberd and quivering a throwing net (moderately wounded, 65% to hit)
You shoot an arrow. The arrow hits the gnoll.
The gnoll is almost dead.
Fire: a) +0 shortbow
Press: ? - help, Q - select action, (/) - cycle Shift-Dir - straight line, f/p - gnoll
Aim: a gnoll, wielding a +0 halberd and quivering a throwing net (severely wounded, 65% to hit)
You shoot an arrow. The arrow closely misses the gnoll.
The arrow hits the gnoll.
You kill the gnoll!
The gnoll hits you but does no damage.
The gnoll throws a throwing net.
The throwing net hits you.
You become entangled in the net!
You see here a throwing net.
You struggle against the net.
You struggle against the net.
The gnoll hits you from afar with a +0 halberd.
* * * LOW HITPOINT WARNING * * *
You tear a large gash into the net.
The gnoll hits you but does no damage.
You shred the net and break free! The gnoll barely misses you.
Fire: a) +0 shortbow
Press: ? - help, Q - select action, (/) - cycle Shift-Dir - straight line, f/p - gnoll
Aim: a gnoll, wielding a +0 halberd (severely wounded, 65% to hit)
You shoot an arrow.
The arrow hits the gnoll but does no damage.
The gnoll is severely wounded.
The gnoll hits you from afar with a +0 halberd!
You die...

##.....## #.
##...## #. ##'##
#. #.# #. #†#####
#. ##...... #.
##[..####
#.#########.....#
#.@.gg..)....g..#
#########..##.#.#
#.....#.#
##.##.#.#
#.##.#.# #.g....#
####g### .#


gg You could see 2 gnolls.

Vanquished Creatures
  A gnoll (D:4)
  2 adders
  3 ribbon worms (D:2)
  A dart slug (D:2)
  5 orcs (D:3)
  3 ball pythons
  An endoplasm (D:3)
  5 giant cockroaches
  4 goblins
  4 hobgoblins
  3 kobolds
  4 quokkas
  2 bats
  4 frilled lizards
  4 rats
46 creatures vanquished.

Notes
Turn   | Place    | Note
-------+----------+-------------------------------------------
     0 | D:1      | skewfiend the Gargoyle Hunter began the quest for the Orb.
     0 | D:1      | Reached XP level 1. HP: 12/12 MP: 1/1
   209 | D:1      | Reached XP level 2. HP: 18/18 MP: 2/2
   253 | D:1      | You fall into a shaft and drop 1 floor!
   423 | D:2      | Reached XP level 3. HP: 22/22 MP: 3/3
   438 | D:2      | Found a faded altar of an unknown god.
   466 | D:2      | Prayed at the altar of an unknown god.
   466 | D:2      | Became a worshipper of Zin the Law-Giver
   466 | D:2      | Reached * piety under Zin
   832 | D:3      | Reached ** piety under Zin
   941 | D:3      | Reached skill level 5 in Ranged Weapons
   950 | D:3      | Reached XP level 4. HP: 22/28 MP: 4/4
  1504 | D:4      | HP: 1/28 [adder (3)]
  1505 | D:4      | Gained mutation: You are vulnerable to heat. (rF-) [potion
                  | of mutation]
  1526 | D:4      | Slain by a gnoll

Illustrated notes

Levels and vault maps discovered:
D:1:      heliophobic_arrival_enchanted_forest, layout_loops_ring
D:2:      layout_rooms, chequers_ecumenical_altar_grove
D:3:      layout_loops_ring, guppyfry_early_orc_mine
D:4:      layout_loops_corners, mainiacjoe_overflow_paths, uniq_pikel

Skill      XL: |  1  2  3 |
---------------+----------+-----
Fighting       | 3 |  3.4
Ranged Weapons | 5 |  5.3
Dodging        | |  1.5
Stealth        | |  1.1

Action                     |  1- 3 |  4- 6 || total
---------------------------+-------+-------++-------
   Fire: Shortbow          |   128 |    48 ||   176
    Use: Scroll            |       |     8 ||     8
         Potion            |       |     2 ||     2
 Armour: Leather armour    |    32 |       ||    32
         Chain mail        |       |    50 ||    50
  Dodge: Dodged            |    35 |    21 ||    56

Table legend: (Time is in decaauts)
 A = Elapsed time spent in this place.
 B = Non-inter-level travel time spent in this place.
 C = Inter-level travel time spent in this place.
 D = Time resting spent in this place.
 E = Time spent auto-exploring this place.
 F = Levels seen in this place.
 G = Mean time per level.
                   A        B        C        D        E       F      G
               +--------+--------+--------+--------+--------+-----+--------+
         Total |   1579 |   1531 |     48 |     37 |   1084 |   4 |  394.8 |
       Dungeon |   1579 |   1531 |     48 |     37 |   1084 |   4 |  394.8 |
               +--------+--------+--------+--------+--------+-----+--------+

Top non-repeatable levels by time:
     D:3: 707 daAuts
     D:2: 495 daAuts
     D:1: 258 daAuts
     D:4: 117 daAuts
